Map: Breakwater LE

Players

Cheesetricks

  • Race: Zerg Zerg
  • League: Diamond
  • Spawn Location: 7:00

eNTropy

  • Race: Zerg Zerg
  • Spawn Location: 7:00

Nyck - Winner!

  • Race: Terran Terran
  • Spawn Location: 1:00

Ekelpack - Winner!

  • Race: Zerg Zerg
  • Spawn Location: 1:00

VOD

Have the link to the VOD?

Description

Time

  • Played on: Nov. 27, 2024, 12:33 p.m.
  • Length: 7:59
Show
View Real Time Build Order
Export as new Build Order

Cheesetricks Zerg 

Build Orders: Hatch First 

Get SALT Encoding   

  12  0:00  Drone  
  13  0:12  Overlord  
  13  0:16  Drone  
  14  0:31  Drone  
  14  0:32  Drone  
  17  0:42  Drone  
  17  0:47  Drone  
  18  0:59  Drone  
  19  1:04  Extractor  
  19  1:05  Hatchery  
  17  1:24  Spawning Pool  
  17  1:25  Drone x2  
  18  1:32  Drone  
  19  1:43  Overlord  
  19  1:56  Drone  
  19  1:58  Extractor  
  19  2:05  Drone  
  20  2:14  Queen  
  22  2:17  Spine Crawler, Queen  
  22  2:20  Metabolic Boost  
  23  2:24  Drone  
  24  2:32  Baneling Nest  
  23  2:38  Overlord  
  23  2:44  Drone  
  24  2:45  Drone  
  24  2:48  Drone  
  26  2:59  Drone x3  
  26  3:02  Zergling x2  
  26  3:04  Zergling x2  
  31  3:09  Extractor  
  31  3:10  Pneumatized Carapace  
  30  3:20  Zergling x4  
  30  3:23  Overlord  
  32  3:27  Zergling x2  
  32  3:28  Zergling x2  
  32  3:29  Zergling x2  
  34  3:57  Zergling x12  
  34  4:00  Lair  
  40  4:02  Extractor  
  40  4:03  Extractor  
  40  4:08  Baneling  
  40  4:09  Baneling x3  
  38  4:13  Drone x2  
  40  4:22  Drone  
  40  4:23  Drone  
  42  4:34  Overlord  
  42  4:37  Drone  
  43  4:48  Spore Crawler  
  42  4:55  Spore Crawler  
  42  4:57  Drone x2  
  42  4:58  Spore Crawler x2  
  41  5:05  Spore Crawler  
  40  5:10  Spore Crawler  
  38  5:33  Drone  
  38  5:34  Drone x5  
  44  5:36  Baneling  
  44  5:38  Baneling  
  44  5:40  Baneling  
  44  5:51  Hydralisk Den  
  39  6:19  Hydralisk x4  
  39  6:22  Hydralisk  
  49  6:36  Hydralisk  
  49  6:37  Hydralisk  
  48  6:42  Hydralisk  
  50  6:53  Overlord x2  
  50  7:15  Zergling x6  
  52  7:16  Zergling x6  
  51  7:36  Zergling x2  
  51  7:37  Zergling x6  
  47  7:39  Baneling x2  
Show
View Real Time Build Order
Export as new Build Order

eNTropy Zerg 

Build Orders: Hatch First 

Get SALT Encoding   

  12  0:03  Drone  
  13  0:12  Overlord  
  13  0:17  Drone  
  14  0:30  Drone  
  14  0:31  Drone  
  16  0:36  Drone  
  17  0:54  Drone  
  18  0:58  Drone  
  18  1:00  Hatchery  
  18  1:08  Drone  
  19  1:21  Spawning Pool  
  19  1:22  Drone  
  19  1:23  Extractor  
  18  1:31  Drone  
  19  1:41  Overlord  
  19  1:51  Drone  
  20  2:04  Overlord  
  20  2:09  Roach Warren, Queen  
  20  2:12  Queen  
  20  2:13  Drone  
  20  2:15  Drone  
  25  2:36  Spine Crawler  
  24  2:39  Drone  
  24  2:40  Spine Crawler, Drone x2  
  26  2:51  Queen  
  26  2:56  Roach  
  30  3:00  Roach  
  30  3:04  Roach  
  34  3:07  Drone  
  34  3:09  Drone  
  34  3:12  Drone  
  37  3:15  Drone  
  38  3:23  Drone x3  
  41  3:33  Extractor, Lair  
  40  3:41  Drone x2  
  42  3:47  Drone x2  
  44  3:50  Overlord  
  44  4:04  Overlord  
  44  4:25  Overlord  
  44  4:26  Roach  
  44  4:27  Roach x7  
  44  4:30  Glial Reconstitution  
  60  4:46  Roach x3  
  60  4:48  Roach  
  68  4:55  Hatchery  
  68  4:58  Overlord x2  
  67  5:16  Overlord x2  
  67  5:22  Roach x5  
  67  5:26  Roach  
  79  5:33  Roach x2  
  79  5:34  Overlord  
  47  6:32  Drone  
  38  6:33  Drone x9  
  38  6:36  Spore Crawler  
  46  6:41  Spire  
  46  6:43  Drone  
  46  6:44  Drone x2  
  48  6:47  Extractor  
  48  6:49  Extractor  
  46  6:57  Roach x3  
  46  6:58  Roach  
  54  7:10  Roach  
  54  7:11  Roach x4  
  64  7:16  Roach  
  64  7:34  Roach x5  
Show
View Real Time Build Order
Export as new Build Order

Nyck Terran - Winner!

Build Orders: 2 Factory, Hellion Opening 

Get SALT Encoding   

  12  0:00  SCV  
  13  0:12  SCV  
  14  0:19  Supply Depot  
  14  0:29  SCV  
  15  0:42  SCV, Barracks  
  16  0:49  Refinery  
  16  0:53  Refinery  
  16  0:54  SCV  
  17  1:06  SCV  
  18  1:18  SCV  
  19  1:36  Factory  
  19  1:37  Orbital Command  
  19  1:44  Barracks Reactor  
  19  2:05  SCV  
  20  2:17  SCV  
  21  2:23  Command Center  
  21  2:28  Supply Depot  
  21  2:33  Hellion  
  23  2:41  Barracks Tech Lab  
  23  2:49  SCV  
  24  2:51  Factory  
  24  2:52  Hellion  
  26  3:00  Hellion  
  26  3:02  SCV  
  29  3:14  Supply Depot  
  29  3:18  Hellion  
  31  3:35  SCV  
  31  3:40  Supply Depot  
  32  3:46  Hellion x2  
  32  3:47  Hellion  
  38  3:49  Infernal Pre-Igniter  
  38  4:32  Orbital Command  
  38  4:41  SCV  
  39  4:54  Starport  
  39  4:56  Starport  
  39  5:01  SCV x2  
  41  5:15  SCV  
  41  5:16  SCV  
  41  5:19  Refinery  
  41  5:20  Refinery  
  43  5:34  Starport  
  43  5:35  Starport  
  43  5:37  SCV x2  
  45  5:46  Starport Tech Lab  
  45  5:47  Starport Tech Lab  
  45  5:49  SCV x2  
  47  6:01  SCV  
  47  6:02  SCV  
  49  6:12  Supply Depot  
  49  6:14  Supply Depot  
  38  6:30  SCV x2  
  40  6:42  SCV x2  
  42  6:54  SCV x2  
  42  6:55  Fusion Core  
  42  6:58  Supply Depot  
  42  6:59  Starport Tech Lab  
  42  7:00  Starport Tech Lab  
  44  7:06  SCV x2  
  46  7:18  SCV x2  
  46  7:20  Supply Depot  
  46  7:30  SCV  
  46  7:31  SCV  
  48  7:54  Supply Depot  
Show
View Real Time Build Order
Export as new Build Order

Ekelpack Zerg - Winner!

Build Orders: Hatch First 

Get SALT Encoding   

  12  0:00  Drone  
  13  0:12  Overlord  
  13  0:17  Drone  
  14  0:31  Drone  
  15  0:46  Drone  
  15  0:47  Hatchery  
  15  1:02  Spawning Pool  
  14  1:05  Drone  
  14  1:08  Extractor  
  14  1:12  Drone  
  14  1:14  Drone  
  16  1:18  Drone  
  17  1:27  Drone  
  18  1:39  Drone  
  19  1:51  Queen  
  19  1:54  Drone  
  22  2:02  Queen  
  22  2:08  Zergling x2  
  25  2:11  Drone  
  25  2:15  Metabolic Boost  
  26  2:23  Drone x2  
  26  2:28  Overlord  
  28  2:38  Drone, Extractor  
  28  2:49  Spine Crawler, Drone x2  
  29  2:52  Drone x2  
  29  2:57  Drone  
  32  3:01  Lair  
  32  3:05  Drone  
  33  3:11  Zergling x6  
  36  3:16  Overlord  
  36  3:30  Overlord  
  36  3:34  Extractor  
  36  3:39  Drone x2  
  36  3:40  Drone x6  
  43  3:45  Zergling x2  
  44  3:59  Extractor  
  43  4:04  Spire  
  43  4:08  Drone x3  
  45  4:13  Drone  
  45  4:15  Overlord x2  
  46  4:51  Drone x3  
  46  4:52  Drone  
  50  5:03  Overlord x3  
  50  5:24  Mutalisk x4  
  50  5:25  Mutalisk  
  50  5:26  Zergling x2  
  61  5:38  Spine Crawler  
  61  5:39  Spine Crawler  
  61  5:40  Zergling x2  
  61  5:41  Zergling x10  
  65  5:48  Drone  
  66  5:55  Mutalisk  
  68  6:02  Mutalisk  
  68  6:03  Mutalisk x2  
  65  6:23  Spire  
  64  6:29  Zergling x2  
  64  6:30  Zergling x8  
  69  6:41  Drone  
  70  6:52  Zergling x10  
  75  6:56  Hatchery  
  74  7:27  Zergling x4  
  74  7:28  Zergling x8  
Tags
 
Add a new tag
Caveats
  • Supply blocks, unpowered buildings, or Contaminate may cause inaccurate times.
  • Supply counts are checked every 10 seconds.